 Dungeon Crawl Stone Soup version 0.27.1-1-g398f81649c (webtiles) character file.

Game seed: 13341594015639667071

2 Rickety the Sneak (level 1, -2/9 HPs)
             Began as a Spriggan Enchanter on Sept 15, 2021.
             Frozen to death by an endoplasm (3 damage)
             ... on level 1 of the Dungeon.
             The game lasted 00:00:45 (225 turns).

Rickety the Sneak (Spriggan Enchanter)               Turns: 225, Time: 00:00:46

Health: -2/9       AC:  2    Str:  4    XL:     1   Next: 33%
Magic:  4/5        EV: 17    Int: 16    God:
Gold:   0          SH:  0    Dex: 15    Spells: 4/5 levels left

rFire    . . .     SeeInvis +   a - +1 dagger
rCold    . . .     Faith    .   (shield restricted)
rNeg     . . .     Spirit   .   b - +0 robe
rPois    .         Reflect  .   (helmet restricted)
rElec    .         Harm     .   (no cloak)
rCorr    .         Rampage  .   (gloves unavailable)
Will     .....                  (boots unavailable)
Stlth    +++.......             (no amulet)
HPRegen  0.03/turn              (no ring)
MPRegen  0.09/turn              (no ring)

@: very quick
A: very small, no large weapons, unfitting armour, see invisible, speed 3
a: no special abilities


You were on level 1 of the Dungeon.
You visited 1 branch of the dungeon, and saw 1 of its levels.

Inventory:

Hand Weapons
 a - a +1 dagger (weapon)
Armour
 b - a +0 robe (worn)


   Skills:
 + Level 1.1 Short Blades
 + Level 2.6 Dodging
 * Level 4.7 Stealth
 + Level 2.6 Spellcasting
 + Level 3.6 Hexes


You had 4 spell levels left.
You knew the following spells:

 Your Spells              Type           Power      Damage    Failure   Level
a - Corona                Hex            14%        N/A       4%          1

Your spell library contained the following spells:

 Spells                   Type           Power      Damage    Failure   Level
 Confusing Touch          Hex            13%        N/A       13%         3
 Tukima's Dance           Hex            13%        N/A       13%         3
 Ensorcelled Hibernation  Hex/Ice        14%        N/A       14%         2
 Dazzling Flash           Conj/Hex       14%        N/A       28%         3


Dungeon Overview and Level Annotations

Branches:
Dungeon (1/15)

Altars:


Innate Abilities, Weirdness & Mutations

You are very small and have problems with some larger weapons.
You are too small for most types of armour.
You have supernaturally acute eyesight. (SInv)
You cover ground extremely quickly. (Speed+++)


Message History

Magic restored.
You start resting.
HP restored.
You open the door.
There is an open door here.
The hobgoblin shouts!
A bat comes into view.
You barely miss the hobgoblin.
The endoplasm quivers.
The endoplasm misses you. The hobgoblin closely misses you.
You barely miss the hobgoblin. The endoplasm freezes you.
You are frozen.
The hobgoblin completely misses you. The bat hits you but does no damage.
The bat closely misses you. The bat hits you.
There is an open door here.
You hit the bat.
You kill the bat!
Casting: Corona (safe; 4% risk of failure)
Confirm with . or Enter, or press ? or * to list all spells.
Aiming: Corona (safe; 4% risk of failure)
Press: ? - help, Shift-Dir - straight line, f - endoplasm
Aim: an endoplasm (chance to affect: 67%)
The endoplasm is outlined in light.
The endoplasm freezes you.
You are frozen.
* * * LOW HITPOINT WARNING * * *
You hit the endoplasm but do no damage. The endoplasm freezes you.
You are frozen.
* * * LOW HITPOINT WARNING * * *
You hit the endoplasm.
The endoplasm is lightly wounded.
The endoplasm closely misses you.
You hit the endoplasm.
The endoplasm is severely wounded.
The endoplasm freezes you.
You are frozen.
You die...

#S###.####..##
#.#..........#
#.#..........####
#.#...............
####.#....!.....###..
#....#..........#
#..##.g#######
###+###'###J###
#.........†@..#
#.8.⌠⌠⌠>⌠⌠⌠.8.#
#.............#
#≈≈≈≈≈≈≈≈≈≈≈≈≈#
#≈≈≈≈≈≈≈≈≈≈≈≈≈#
#≈≈≈≈≈≈≈≈≈≈≈≈≈#
#≈≈≈≈≈≈≈≈≈≈≈≈≈#
#≈≈≈≈≈≈≈≈≈≈≈≈≈#
#≈≈≈≈≈≈≈≈≈≈≈≈≈#


You could see an endoplasm (corona) and a hobgoblin.

Vanquished Creatures
  A quokka (D:1)
  A ball python (D:1)
  A bat (D:1)
3 creatures vanquished.

Notes
Turn   | Place    | Note
-------+----------+-------------------------------------------
     0 | D:1      | Rickety the Spriggan Enchanter began the quest for the Orb.
     0 | D:1      | Reached XP level 1. HP: 9/9 MP: 5/5
   225 | D:1      | Frozen to death by an endoplasm

Illustrated notes

Levels and vault maps discovered:
D:1:      zaba_arrival_water, layout_rooms,
          hellmonk_ecumenical_altar_arch_garden, minmay_misc_feat_five

Action                   || total
-------------------------++-------
Melee: Dagger            ||    13
 Cast: Corona            ||     3
Armor: Robe              ||     1
Dodge: Dodged            ||    17
